 Dungeon Crawl Stone Soup version 0.32-a0-779-g362cfcae2a (webtiles) character file.

Game seed: 9187696620802898358

1108 Fodor the Slasher (level 8, -4/70 HPs)
             Began as a Minotaur Fighter on Mar 19, 2024.
             Was an Initiate of Gozag.
             Slain by a troll (11 damage)
             ... on level 6 of the Dungeon.
             The game lasted 00:10:52 (4647 turns).

Fodor the Slasher (Minotaur Fighter)                Turns: 4647, Time: 00:10:56

Health: -4/70      AC: 13    Str: 28    XL:     8   Next: 11%
Magic:  7/7        EV:  8    Int:  4    God:    Gozag
Gold:   389        SH:  6    Dex: 20    Spells: 7/7 levels left

rFire   . . .        p - +5 long sword of Zistecs {venom, *Slow rElec rPois Str+6}
rCold   . . .        c - +0 buckler
rNeg    . . .        q - +0 chain mail
rPois   +            (helmet restricted)
rElec   +            l - +0 cloak
rCorr   .            k - +0 pair of gloves
SInv    .            r - +0 pair of boots
Will    .....        (no amulet) Stlth
                     n - +6 ring of dexterity
HPRegen 0.31/turn    (no ring)
MPRegen 0.10/turn

%: slow self (1%)
@: gold aura
A: horns 2, retaliatory headbutt, agile 1, poison resistance
a: Renounce Religion, Potion Petition, Call Merchant, Bribe Branch


You were on level 6 of the Dungeon.
You worshipped Gozag.
Gozag was aware of your devotion.
You visited 1 branch of the dungeon, and saw 6 of its levels.

You collected 469 gold pieces.
You paid 80 gold pieces to Gozag.

Inventory:

Hand Weapons
 a - a +0 war axe
 i - a +0 sling
 p - the +5 long sword of Zistecs (weapon) {venom, *Slow rElec rPois Str+6}
   (You found it on level 3 of the Dungeon)

   Str+6:     It affects your strength (+6).
   rElec:     It insulates you from electricity.
   rPois:     It protects you from poison.
   *Slow:     It may slow you when you take damage.
Missiles
 A - 3 boomerangs (quivered)
Armour
 c - a +0 buckler (worn)
 k - a +0 pair of gloves (worn)
 l - a +0 cloak (worn)
 q - a +0 chain mail (worn)
 r - a +0 pair of boots (worn)
Jewellery
 n - a +6 ring of dexterity (left hand)
 t - a ring of poison resistance
 y - a ring of positive energy
Scrolls
 b - a scroll of noise {unknown}
 e - 4 scrolls of amnesia {unknown}
 g - 7 scrolls of identify {unknown}
 h - 2 scrolls of enchant armour {unknown}
 o - a scroll of torment {unknown}
 s - a scroll of enchant weapon {unknown}
 u - a scroll of fog {unknown}
 w - a scroll of vulnerability {unknown}
 x - a scroll of blinking {unknown}
 B - a scroll of acquirement {unknown}
 D - a scroll of fear {unknown}
Potions
 d - a potion of might
 f - 4 potions of mutation
 j - a potion of resistance {unknown}
 m - 3 potions of curing
 v - a potion of haste {unknown}
 z - a potion of magic {unknown}
 C - a potion of attraction {unknown}


   Skills:
 + Level 6.0 Fighting
 + Level 6.5 Long Blades
 + Level 2.9 Axes
 + Level 3.7 Ranged Weapons
 + Level 5.9 Armour
 + Level 1.1 Dodging
 + Level 0.3 Stealth
 + Level 5.2 Shields


You had 7 spell levels left.
You didn't know any spells.
Your spell library contained the following spells:

 Spells                   Type           Power      Damage    Failure   Level
 Apportation              Tloc           0%         N/A       95%         1
 Jinxbite                 Hex            0%         N/A       99%         2
 Alistair's Intoxication  Alch           0%         N/A       100%        5


Dungeon Overview and Level Annotations

Branches:
Dungeon (6/15)
 Temple: D:4-7

Altars:
Ashenzari
Gozag
Kikubaaqudgha
Makhleb
Nemelex Xobeh
Okawaru
Uskayaw
Xom


Innate Abilities, Weirdness & Mutations

You have a pair of horns on your head.
You reflexively headbutt those who attack you in melee.
You are agile. (Dex +4, Str/Int -1)
Your system is resistant to poisons. (rPois)


Message History

The white ugly thing is lightly wounded.
The adder closely misses you. The white ugly thing engulfs you.
The white ugly thing freezes you!!
A white imp comes into view.
The adder bites you but does no damage.
You completely miss the white ugly thing.
Your headbutt misses the white ugly thing.
The white ugly thing is lightly wounded.
You kill the adder!
The white ugly thing closely misses you.
You furiously retaliate!
You headbutt the white ugly thing, but do no damage.
You hit the white ugly thing.
The white ugly thing looks as sick as possible!
You headbutt the white ugly thing.
The white ugly thing is moderately wounded.
The white ugly thing engulfs you but does no damage.
You slash the white ugly thing!
The white ugly thing looks as sick as possible!
You headbutt the white ugly thing!
The white ugly thing is almost dead.
The white ugly thing engulfs you! The white ugly thing freezes you!
* * * LOW HITPOINT WARNING * * *
You block the troll's attack.
The troll claws you but does no damage. x2
It was a potion of mutation.
You feel extremely strange.
You feel agile.
You feel resistant to poisons.
You block the white ugly thing's attack.
The troll bites you.
* * * LOW HITPOINT WARNING * * *
The troll claws you.
* * * LOW HITPOINT WARNING * * *
The troll claws you.
* * * LOW HITPOINT WARNING * * *
It was a potion of curing.
You feel better.
You kill the white ugly thing!
The troll bites you.
* * * LOW HITPOINT WARNING * * *
The troll claws you but does no damage. The troll claws you!
You die...
Your body crumbles into a pile of gold.

#....#.##.#.........#
#....
#....#+##.###########
#.#.. #.......#.# .###
#.......#.# ##
#.......#.#
#.......'.#### ######
#.......#....###..'u.#
#.......#....##$$###.
####...##....##@ß#$#
#...##....##T##(#
###+##
######....'...#!#
#..... #......#ß5.# +
#..... #......##'##[#
#...[. #...<...#.ß#/#
#..... ###.....#.. ##.
#..... #####.##. ..#
##+### #.# ##


You could see a troll and a white imp.

Vanquished Creatures
  An ugly thing (D:6)
  A vampire (D:5)
  A steam dragon (D:6)
  A black bear (D:6)
  An ice beast (D:5)
  A phantom (D:5)
  A howler monkey (D:4)
  3 bombardier beetles
  A jelly (D:6)
  A hound (D:6)
  4 orc priests
  3 iguanas
  An orc wizard (D:4)
  7 adders
  A white imp (D:6)
  A ribbon worm (D:2)
  3 dart slugs
  15 orcs
  6 ball pythons
  4 endoplasms
  3 giant cockroaches
  6 hobgoblins
  2 jackals (D:2)
  6 kobolds
  A quokka (D:2)
  3 bats
  8 frilled lizards
  A goblin (D:4)
  4 rats
91 creatures vanquished.

Notes
Turn   | Place    | Note
-------+----------+-------------------------------------------
     0 | D:1      | Fodor the Minotaur Fighter began the quest for the Orb.
     0 | D:1      | Reached XP level 1. HP: 19/19 MP: 0/0
   366 | D:1      | Reached XP level 2. HP: 19/27 MP: 1/1
   642 | D:1      | Found a faded altar of an unknown god.
   740 | D:1      | Reached skill level 1 in Ranged Weapons
  1028 | D:2      | Reached XP level 3. HP: 30/33 MP: 2/2
  1778 | D:3      | Identified the +5 long sword of Zistecs {venom, *Slow rElec
                  | rPois Str+6}
  2216 | D:3      | Reached XP level 4. HP: 40/41 MP: 3/3
  2439 | D:4      | Reached XP level 5. HP: 44/47 MP: 4/4
  3401 | D:5      | Entered Level 5 of the Dungeon
  3421 | D:5      | Found an ancient bone altar of Kikubaaqudgha.
  3424 | D:5      | Found a broken altar of Ashenzari.
  3430 | D:5      | Found an iron altar of Okawaru.
  3430 | D:5      | Found an opulent altar of Gozag.
  3430 | D:5      | Found a shimmering altar of Xom.
  3430 | D:5      | Found a hide-covered altar of Uskayaw.
  3434 | D:5      | Found a burning altar of Makhleb.
  3435 | D:5      | Found a sparkling altar of Nemelex Xobeh.
  3439 | D:5      | Became a worshipper of Gozag Ym Sagoz the Greedy
  3464 | D:5      | Reached XP level 6. HP: 55/55 MP: 5/5
  3579 | D:5      | Noticed a vampire
  3590 | D:5      | Killed a vampire
  3591 | D:5      | Reached skill level 5 in Fighting
  3591 | D:5      | Reached skill level 5 in Armour
  3778 | D:5      | Reached XP level 7. HP: 48/61 MP: 6/6
  4044 | D:5      | Reached skill level 5 in Long Blades
  4412 | D:6      | Noticed a steam dragon
  4419 | D:6      | Killed a steam dragon
  4420 | D:6      | Reached skill level 1 in Dodging
  4420 | D:6      | Reached skill level 5 in Shields
  4420 | D:6      | Reached XP level 8. HP: 50/70 MP: 7/7
  4632 | D:6      | Noticed a troll
  4635 | D:6      | Noticed a white ugly thing
  4646 | D:6      | Gained mutation: You are agile. (Dex +4, Str/Int -1)
                  | [potion of mutation]
  4646 | D:6      | Gained mutation: Your system is resistant to poisons.
                  | (rPois) [potion of mutation]
  4647 | D:6      | Killed a white ugly thing
  4647 | D:6      | Slain by a troll

Illustrated notes

Levels and vault maps discovered:
D:1:      ncdulo_halloftheorcs, layout_basic,
          ebering_ecumenical_altar_petrified, minmay_shallow_snake_nest
D:2:      layout_basic, serial_bayou_lagoon_b
D:3:      layout_basic
D:4:      layout_basic
D:5:      layout_basic, minitemple, minmay_misc_feat_diagonals
D:6:      minmay_chambers_of_sixes, layout_basic, minmay_misc_feat_pillars

Skill      XL: |  1  2  3  4  5  6  7  8 |
---------------+-------------------------+-----
Fighting       | 4 5 6 |  6.0
Ranged Weapons | 1 2 3 |  3.7
Armour         | 4 5 |  5.9
Shields        | 4 5 |  5.2
Long Blades    | 2 3 4 6 |  6.5
Dodging        | 1 |  1.1
Axes           | |  2.9
Stealth        | |  0.3

Action                     |  1- 3 |  4- 6 |  7- 9 || total
---------------------------+-------+-------+-------++-------
  Melee: War axe           |    39 |       |       ||    39
         Headbutt          |     5 |    11 |     9 ||    25
         Long sword        |    18 |    78 |    45 ||   141
   Fire: Sling             |    49 |       |       ||    49
    Use: Potion            |       |       |     2 ||     2
 Armour: Scale mail        |    27 |       |       ||    27
         Chain mail        |    14 |    63 |    40 ||   117
  Dodge: Dodged            |    36 |    29 |    19 ||    84
  Block: Buckler           |    11 |    21 |     8 ||    40

Table legend: (Time is in decaauts)
 A = Elapsed time spent in this place.
 B = Non-inter-level travel time spent in this place.
 C = Inter-level travel time spent in this place.
 D = Time resting spent in this place.
 E = Time spent auto-exploring this place.
 F = Levels seen in this place.
 G = Mean time per level.
                   A        B        C        D        E       F      G
               +--------+--------+--------+--------+--------+-----+--------+
         Total |   4718 |   4614 |    104 |    224 |   3435 |   6 |  786.3 |
       Dungeon |   4718 |   4614 |    104 |    224 |   3435 |   6 |  786.3 |
               +--------+--------+--------+--------+--------+-----+--------+

Top non-repeatable levels by time:
     D:4: 981 daAuts
     D:1: 903 daAuts
     D:2: 892 daAuts
     D:5: 839 daAuts
     D:3: 679 daAuts
     D:6: 421 daAuts
